Unix NetHack Version 3.7.0-53 Work-in-progress - last build Apr 11 2022 03:59:15 (1e4a17dd8e4cd83bd3ef5d46a59529246cfc2aae,branch:master). Game began 2022-04-17 20:46:57, ended 2022-04-17 21:16:17. Dewzmint, lawful male human Priest ----- -------------- |..>-## ---------------- |............| |...| ## ------ ####-..............| #-............| |...| ###-.....## |..............| #|............| |...| |....| |..........(...| ##.............| |...| |.:..| |..............| # -------.--- -- #....| |....| ------------:--- # # #----- |....| @ # # # ------ # # ### -------# # ##### |.....|# # -----## |.....-# #####0#0 |...-# |.....| #-----|----- |{*.| |......#####|......<..| |.... ------- |.........|#####....| |.........|# ----- |.........-# ----------- Dewzmint the Acolyte St:15 Dx:12 Co:13 In:8 Wi:17 Ch:9 Lawful S:422 Dlvl:4 $:24 HP:0(29) Pw:26(26) AC:7 Xp:3/62 T:1886 Hungry Latest messages: You destroy the kobold zombie! There is a kobold corpse here; eat it? [ynq] (n) y This kobold corpse tastes okay. You hear water falling on coins. You finish eating the kobold corpse. There is a gecko corpse here; eat it? [ynq] (n) y This gecko corpse tastes terrible! You finish eating the gecko corpse. You see here a statue of a newt. You see here a chest. Hmmm, it turns out to be locked. Unlock it with your lock pick? [yn] (n) y You succeed in picking the lock. t - a tripe ration. u - a cursed iron ring. This door is locked. Unlock it with your lock pick? [yn] (n) y You succeed in picking the lock. You are beginning to feel hungry. The door opens. What do you want to read? Never mind. You already found a monster. Use 'm' prefix to force another search. You miss the gecko. The gecko bites! You miss the gecko. You hit the gecko. The gecko bites! You hit the gecko. The gecko bites! You miss the gecko. You hit the gecko. You hit the gecko. You hit the gecko. The gecko bites! You miss the gecko. You hit the gecko. The gecko bites! You miss the gecko. You miss the gecko. You hit the gecko. The gecko bites! You miss the gecko. The gecko bites! You die... Do you want your possessions identified? [ynq] (y) y Do you want to see your attributes? [ynq] (y) n Do you want an account of creatures vanquished? [ynaq] (y) y Do you want to see your conduct and achievements? [ynq] (y) n Do you want to see the dungeon overview? [ynq] (y) n Major events: Turn 1: Dewzmint the lawful human Priest entered the dungeon 1429: attained the rank of Acolyte (level 3) 1886: killed by a gecko Inventory: Coins $ - 24 gold pieces Weapons a - a blessed +1 mace Armor c - a +0 small shield (being worn) b - a +0 robe (being worn) Comestibles e - a clove of garlic f - a sprig of wolfsbane t - a tripe ration Scrolls l - a cursed scroll of fire Spellbooks h - a spellbook of cure sickness g - a spellbook of light Potions m - a blessed potion of booze o - a blessed potion of enlightenment p - a potion of hallucination r - a potion of monster detection s - a potion of object detection d - 3 potions of holy water Rings u - a cursed ring of teleportation Tools k - a lock pick i - a magic marker (0:56) q - an oil lamp (wielded) Dewzmint the Priest's attributes: Background: You were an Acolyte, a level 3 human Priest. You were lawful, nominally on a mission for Issek who was opposed by Mog (neutral) and Kos (chaotic). You were in the Dungeons of Doom, on level 4. You entered the dungeon 1886 turns ago. There was a full moon in effect when your adventure ended. You had 62 experience points, 18 more were needed to attain level 4. Your score was 422 before end-of-game adjustments. Basics: You had 0 out of 29 hit points. You had all 26 energy points (spell power). Your armor class was 7. Your wallet contained 24 zorkmids. Autopickup was off. Final Characteristics: Your strength was 15 (limit:18/100). Your dexterity was 12 (limit:18). Your constitution was 13 (limit:18). Your intelligence was 8 (limit:18). Your wisdom was 17 (limit:18). Your charisma was 9 (limit:18). Final Status: You were hungry. You were unencumbered. You were wielding a tool. Final Attributes: You were devoutly aligned. You were guarded. You were lucky. You are dead. Miscellaneous: You never encountered a bones level. Total elapsed playing time was 29 minutes and 19 seconds. Vanquished creatures: 2 iguanas a gas spore 2 giant rats 2 geckos 7 jackals a goblin 2 sewer rats 2 grid bugs 4 lichens a kobold zombie 3 newts 27 creatures vanquished. No species were genocided or became extinct. Voluntary challenges: You were an atheist. You were illiterate. You never engraved Elbereth. You never genocided any monsters. You never polymorphed an object. You never changed form. You used no wishes. Achievement: You attained the rank of Acolyte. The Dungeons of Doom: levels 1 to 4 Level 1: Level 2: A fountain. Level 3: A fountain. Level 4: <- You were here. A fountain. Final resting place for you, killed by a gecko. Game over: ---------- / \ / REST \ / IN \ / PEACE \ / \ | Dewzmint | | 24 Au | | killed by a | | gecko | | | | | | 2022 | *| * * * | * _________)/\\_//(\/(/\)/\//\/|_)_______ Goodbye Dewzmint the Priest... You died in The Dungeons of Doom on dungeon level 4 with 420 points, and 24 pieces of gold, after 1886 moves. You were level 3 with a maximum of 29 hit points when you died.